 Dungeon Crawl Stone Soup version 0.31-a0-441-g867994ef1c (webtiles) character file.

Game seed: 14382536935263247875

1514 arthad the Blocker (level 9, -2/71 HPs)
             Began as a Formicid Fighter on Aug 2, 2023.
             Was an Initiate of Gozag.
             Slain by an orc warrior
             ... wielding a +0 morningstar
              (5 damage)
             ... on level 7 of the Dungeon.
             The game lasted 00:15:26 (6143 turns).

arthad the Blocker (Formicid Fighter)               Turns: 6143, Time: 00:15:27

Health: -2/71      AC: 10    Str: 31    XL:     9   Next: 9%
Magic:  9/9        EV:  9    Int:  8    God:    Gozag
Gold:   476        SH: 10    Dex: 13    Spells: 8/8 levels left

rFire   . . .        a - +0 war axe (drain)
rCold   . . .        p - +0 kite shield
rNeg    + . .        b - +0 scale mail
rPois   .            (helmet unavailable)
rElec   .            q - +0 cloak
rCorr   .            l - +0 pair of gloves
SInv    +            (no boots)
Will    +....        (no amulet) Stlth
                     E - ring of positive energy
HPRegen 0.31/turn    F - +6 ring of strength
MPRegen 0.11/turn

%: no passive effects
@: enlightened, flying
A: permanent stasis, dig shafts and tunnels, antennae 3, four strong arms
a: Dig, Shaft Self, Renounce Religion, Potion Petition, Call Merchant, Bribe
Branch


You were on level 7 of the Dungeon.
You worshipped Gozag.
Gozag was aware of your devotion.
You visited 2 branches of the dungeon, and saw 8 of its levels.
You also visited: Ossuary.

You collected 624 gold pieces.
You paid 148 gold pieces to Gozag.

Inventory:

Hand Weapons
 a - a +0 war axe of draining (weapon)
Missiles
 g - 12 poisoned darts
 n - 2 curare-tipped darts
Armour
 b - a +0 scale mail (worn)
 c - a +0 buckler
 l - a +0 pair of gloves (worn)
 p - a +0 kite shield (worn)
 q - a +0 cloak (worn)
 G - a scarf of harm
Jewellery
 E - a ring of positive energy (left hand)
 F - a +6 ring of strength (right hand)
Wands
 t - a wand of flame (7)
Scrolls
 e - 2 scrolls of torment
 o - 5 scrolls of identify
 x - 3 scrolls of brand weapon
 z - a scroll of poison
 C - a scroll of fog {unknown}
Potions
 d - 4 potions of might
 f - 3 potions of magic
 h - a potion of ambrosia
 i - 2 potions of lignification
 j - a potion of haste {unknown}
 k - a potion of enlightenment
 m - a potion of degeneration {unknown}
 s - a potion of mutation {unknown}
 w - 2 potions of brilliance {unknown}
 B - 2 potions of heal wounds {unknown}
 D - a potion of invisibility {unknown}


   Skills:
 + Level 6.5 Fighting
 + Level 5.5 Axes
 + Level 6.6 Armour
 + Level 8.0 Shields
 + Level 2.3 Evocations


You had 8 spell levels left.
You didn't know any spells.
Your spell library contained the following spells:

 Spells                   Type           Power      Damage    Failure   Level
 Cigotuvi's Dreadful Rot  Necr/Pois/Air  0%         N/A       90%         2
 Ignite Poison            Fire/Tmut/Pois 0%         N/A       99%         3
 Portal Projectile        Hex/Tloc       0%         N/A       99%         3
 Tukima's Dance           Hex            0%         N/A       99%         3
 Iskenderun's Mystic Bla  Conj/Tloc      0%         2d3       100%        4
 Freezing Cloud           Conj/Ice/Air   0%         6-21      100%        5


Dungeon Overview and Level Annotations

Branches:
Dungeon (7/15)             Temple (1/1) D:5         Ossuary (visited)

Altars:
Dithmenos
Elyvilon
Fedhas
Gozag
Hepliaklqana
Kikubaaqudgha
Makhleb
Nemelex Xobeh
Okawaru
Qazlal
Ru
Sif Muna
Trog
Uskayaw
Vehumet
Wu Jian
Xom
Yredelemnul
Zin
The Shining One


Innate Abilities, Weirdness & Mutations

You cannot be hasted, slowed, berserked, paralysed or teleported.
You can dig through walls and to a lower floor.
You have a pair of large antennae on your head. (SInv)
Your four strong arms can wield two-handed weapons with a shield.


Message History

You swap places.
The wight hits your butterfly with a +2 short sword!
Your butterfly dies!
Your butterfly disappears in a burst of colours!
The orc warrior barely misses your butterfly.
The orc warrior hits your butterfly with a +0 morningstar!!
Your butterfly dies!
Your butterfly disappears in a burst of colours!
You swap places.
The orc shouts!
The orc warrior closely misses your butterfly.
As you read the scroll labelled HOIXTE OCOBOSM, it crumbles to dust.
Your stasis prevents you from teleporting.
It was a scroll of blinking.
The orc warrior hits you with a +0 morningstar!
* * * LOW HITPOINT WARNING * * *
The orc warrior attacks as you move away!
The orc warrior hits you with a +0 morningstar!
* * * LOW HITPOINT WARNING * * *
Something barely misses your butterfly.
It was a potion of enlightenment.
You feel very buoyant.
You fly up into the air.
Your butterfly disappears in a burst of colours!
The orc warrior hits you with a +0 morningstar!
* * * LOW HITPOINT WARNING * * *
It was a potion of curing.
You feel better. You block the orc warrior's attack.
The wight hits you with a +0 great sword!
* * * LOW HITPOINT WARNING * * *
You feel better. The orc warrior misses you.
The orc priest hits you with a +0 short sword.
* * * LOW HITPOINT WARNING * * *
Something misses your butterfly.
The wight hits you with a +0 great sword.
* * * LOW HITPOINT WARNING * * *
The wight misses your butterfly.
Are you sure you want to shaft yourself?
The orc warrior hits you with a +0 morningstar.
You die...
Your body crumbles into a pile of gold.

#.* #..#### *,* **** ####.* #..#
*,***,,, ##....#* #..## *,*,,,*,
#o.##..####..o# *,,,,,,,
####o.......)....# ***,*,,*
####..####.####..# ******
####.b##...o.##..#
####..#.......#.o#
#####.#.....b{#o@# *
#####....._....z####### *
#####.#.......#z{z.zz.# *
#####.#.....b{#.#####z# *
#####$##.....##.# *.# *
#####.####g####.# ***z# *
#####.....{..,..#**,,z#** *
######g##........,,,,..,* *
######.g..#{##.#.,,,,.#,*********


You could see an orc warrior, 2 wights, an orc priest (ally target), a gnoll and
an orc.

Vanquished Creatures
  Menkaure (Ossuary)
  A water moccasin (D:6)
  An ice beast (D:7)
  2 black bears
  2 bullfrogs
  A troll zombie (Ossuary)
  A howler monkey (D:4)
  A jelly (D:7)
  3 centaur zombies (Ossuary)
  A human zombie (Ossuary)
  A hound (D:6)
  3 orc priests
  A gnoll bouda (D:7)
  2 sleepcaps (D:6)
  3 iguanas
  2 orc wizards
  An ogre zombie (Ossuary)
  6 mummies (Ossuary)
  7 adders
  A gnoll (D:7)
  4 adder zombies (Ossuary)
  6 worms
  A dart slug (D:3)
  19 orcs
  8 ball pythons
  8 endoplasms
  3 giant cockroaches
  10 goblins
  6 hobgoblins
  8 jackals (D:1)
  A quokka (D:4)
  7 bats
  4 frilled lizards
  A goblin zombie (Ossuary)
  4 hobgoblin zombies (Ossuary)
  5 kobolds
  A kobold zombie (Ossuary)
  3 orc zombies (Ossuary)
  4 quokka zombies (Ossuary)
  A rat (D:3)
  7 rat zombies (Ossuary)
152 creatures vanquished.

Notes
Turn   | Place    | Note
-------+----------+-------------------------------------------
     0 | D:1      | arthad the Formicid Fighter began the quest for the Orb.
     0 | D:1      | Reached XP level 1. HP: 18/18 MP: 1/1
    80 | D:1      | Reached XP level 2. HP: 23/24 MP: 2/2
   218 | D:1      | Reached XP level 3. HP: 20/29 MP: 3/3
  1125 | D:2      | Found a burning altar of Makhleb.
  1156 | D:2      | Reached XP level 4. HP: 37/37 MP: 4/4
  1695 | D:3      | Found an ancient bone altar of Kikubaaqudgha.
  1842 | D:3      | Reached skill level 5 in Shields
  1842 | D:3      | Reached XP level 5. HP: 36/42 MP: 5/5
  2652 | D:4      | Noticed a black bear
  2662 | D:4      | Killed a black bear
  2663 | D:4      | Reached XP level 6. HP: 49/49 MP: 6/6
  2925 | D:4      | Reached XP level 7. HP: 51/55 MP: 7/7
  3279 | D:5      | Entered Level 5 of the Dungeon
  3310 | D:5      | Reached skill level 5 in Fighting
  3310 | D:5      | Reached skill level 5 in Armour
  3310 | D:5      | Reached skill level 6 in Shields
  3606 | D:5      | Found a sand-covered staircase.
  3615 | Ossuary  | Entered an ossuary
  3717 | Ossuary  | Noticed Menkaure
  3779 | Ossuary  | Killed Menkaure
  3948 | Ossuary  | Reached XP level 8. HP: 60/63 MP: 8/8
  4233 | Ossuary  | Reached skill level 7 in Shields
  4654 | D:5      | Found a staircase to the Ecumenical Temple.
  4686 | Temple   | Entered the Ecumenical Temple
  4715 | Temple   | Became a worshipper of Gozag Ym Sagoz the Greedy
  4782 | D:5      | Reached skill level 5 in Axes
  5279 | D:6      | Reached skill level 1 in Evocations
  5463 | D:6      | Found a burning altar of Makhleb.
  5466 | D:6      | Found a radiant altar of Vehumet.
  5468 | D:6      | Found a hazy altar of Hepliaklqana.
  5471 | D:6      | Found a shimmering blue altar of Sif Muna.
  5513 | D:6      | Found a sparkling altar of Nemelex Xobeh.
  5936 | D:7      | Reached XP level 9. HP: 48/71 MP: 9/9
  6038 | D:7      | Found a white marble altar of Elyvilon.
  6109 | D:7      | Reached skill level 8 in Shields
  6140 | D:7      | HP: 3/71 [orc warrior/+0 morningstar (10)]
  6143 | D:7      | Slain by an orc warrior

Illustrated notes

Levels and vault maps discovered:
D:1:      sevenhm_arrival_forest_fort_large_4, layout_loops_corners,
          wander_ebering_terrifying_dragon_lair
D:2:      layout_rooms, basic_altar, minmay_misc_feat_hallway,
          hangedman_glass_teeth
D:3:      layout_basic, kiku_gazebo_garden_becter, kennysheep_crisscross,
          minmay_vboxes
D:4:      layout_gridville, minmay_statues_item,
          nicolae_concentric_dashed_squares_wild
D:5:      layout_cave_pods, temple_pool_b, enter_ossuary_1
D:6:      layout_basic, lemuel_crystal_altar, mainiacjoe_overflow_alcove_3
D:7:      layout_loops_ring, old_standard_altar, mainiacjoe_overflow_catwalk,
          nicolae_elevator_lobby_plus, uniq_crazy_yiuf_cottage
Temple:   nicolae_temple_god_jail

Skill      XL: |  1  2  3  4  5  6  7  8  9 |
---------------+----------------------------+-----
Fighting       | 4 5 6 |  6.5
Armour         | 4 5 6 |  6.6
Shields        | 5 6 7 8 |  8.0
Axes           | 3 4 5 |  5.5
Evocations     | 2 |  2.3

Action                     |  1- 3 |  4- 6 |  7- 9 || total
---------------------------+-------+-------+-------++-------
  Melee: War axe           |    71 |   167 |   294 ||   532
  Throw: Dart              |       |     2 |     1 ||     3
Ability: Dig               |       |       |     1 ||     1
         Shaft Self        |       |       |     1 ||     1
    Use: Scroll            |       |       |     8 ||     8
         Potion            |       |       |     6 ||     6
 Armour: Scale mail        |    43 |    63 |   120 ||   226
         Skin              |       |       |     7 ||     7
  Dodge: Dodged            |    46 |    57 |    90 ||   193
  Block: Buckler           |    14 |    27 |       ||    41
         Kite shield       |       |    33 |   166 ||   199

Table legend: (Time is in decaauts)
 A = Elapsed time spent in this place.
 B = Non-inter-level travel time spent in this place.
 C = Inter-level travel time spent in this place.
 D = Time resting spent in this place.
 E = Time spent auto-exploring this place.
 F = Levels seen in this place.
 G = Mean time per level.
                   A        B        C        D        E       F      G
               +--------+--------+--------+--------+--------+-----+--------+
         Total |   6352 |   6123 |    229 |    162 |   4370 |   9 |  705.8 |
       Dungeon |   5434 |   5242 |    192 |      0 |   3964 |   7 |  776.3 |
        Temple |     39 |      2 |     37 |      0 |      0 |   1 |   39.0 |
       Ossuary |    878 |    878 |      0 |    162 |    406 |   1 |  878.0 |
               +--------+--------+--------+--------+--------+-----+--------+

Top non-repeatable levels by time:
     D:3: 1092 daAuts
     D:1: 1053 daAuts
     D:5: 916 daAuts
 Ossuary: 878 daAuts
     D:4: 768 daAuts
     D:6: 711 daAuts
     D:2: 483 daAuts
     D:7: 408 daAuts
  Temple: 39 daAuts
